 Dungeon Crawl Stone Soup version 0.30-a0-760-g5a9884bb7c (webtiles) character file.

Game seed: 5217433641513975199

7965 Newt the Thrower (level 11, 0/94 HPs)
             Began as a Demonspawn Gladiator on Feb 11, 2023.
             Was an Initiate of Gozag.
             Slain by a two-headed ogre
             ... wielding a +0 giant club
              (8 damage)
             ... on level 10 of the Dungeon.
             The game lasted 00:12:36 (9252 turns).

Newt the Thrower (Demonspawn Gladiator)             Turns: 9252, Time: 00:12:37

Health: 0/94       AC: 12    Str: 18 (19) XL:     11   Next: 3%
Magic:  12/17      EV: 13    Int:  7 (10) God:    Gozag
Gold:   1090       SH:  0    Dex: 12 (14) Spells: 17/18 levels left

rFire   . . .      SeeInvis .    G - +0 quick blade (drain)
rCold   . . .      Faith    +    (no shield)
rNeg    . . .      Spirit   .    b - +0 leather armour
rPois   +          Reflect  .    c - +0 helmet
rElec   .          Harm     .    n - +0 cloak
rCorr   +          Rampage  .    M - +1 pair of gloves
Will    .....                    o - +1 pair of boots
Stlth   ++++                     k - amulet of faith
HPRegen 0.35/turn                l - ring of poison resistance
MPRegen 0.15/turn                F - ring of Civionk {rCorr Stlth+}

@: studying Throwing
A: slimy green scales 2, robust 1, spiny 2, demonic magic 1, weakness stinger 1
a: Renounce Religion, Potion Petition, Call Merchant, Bribe Branch


You were on level 10 of the Dungeon.
You worshipped Gozag.
Gozag was most pleased with you.
You visited 1 branch of the dungeon, and saw 10 of its levels.
You visited the Abyss 1 time.
You also visited: Sewer.

You collected 2107 gold pieces.
You spent 960 gold pieces at shops.
You paid 57 gold pieces to Gozag.

Inventory:

Hand Weapons
 a - a +1 rapier
 j - a +1 dagger of venom
 u - a +1 short sword of speed
 G - a +0 quick blade of draining (weapon)
Missiles
 d - 2 throwing nets
 e - 5 javelins
 r - 33 poisoned darts
 y - 8 boomerangs (quivered)
 E - 6 boomerangs of dispersal
Armour
 b - a +0 leather armour (worn)
 c - a +0 helmet (worn)
 n - a +0 cloak (worn)
 o - a +1 pair of boots (worn)
 H - a +0 robe of willpower
 K - a +0 tower shield
 M - a +1 pair of gloves (worn)
Jewellery
 k - an amulet of faith (around neck)
 l - a ring of poison resistance (left hand)
 q - a ring of ice
 F - the ring of Civionk (right hand) {rCorr Stlth+}
   (You acquired it on level 7 of the Dungeon)

   [ring of resist corrosion]

   rCorr:     It protects you from acid and corrosion.
   Stlth:     It makes you more stealthy.
Wands
 w - a wand of digging (5)
 A - a wand of polymorph (7)
 J - a wand of iceblast (1)
Scrolls
 m - 2 scrolls of fear
 p - 2 scrolls of enchant armour
 t - 2 scrolls of fog
 D - a scroll of immolation
 L - a scroll of poison
Potions
 f - a potion of haste
 g - 2 potions of curing
 h - 4 potions of attraction
 i - 3 potions of brilliance
 s - 2 potions of might
 v - 2 potions of mutation
 x - 2 potions of invisibility
 z - a potion of heal wounds {unknown}
 B - a potion of magic {unknown}
 C - a potion of degeneration
 I - 2 potions of flight {unknown}


   Skills:
 - Level 8.0 Fighting
 - Level 5.0 Short Blades
 - Level 12.0 Throwing
 - Level 2.0 Armour
 + Level 4.9 Dodging
 - Level 6.0 Stealth
 - Level 4.1 Spellcasting
 - Level 4.5 Summonings


You had 17 spell levels left.
You knew the following spells:

 Your Spells              Type           Power      Damage    Failure   Level
a - Summon Small Mammal   Summ           28%        N/A       6%          1

Your spell library contained the following spells:

 Spells                   Type           Power      Damage    Failure   Level
 Apportation              Tloc           2%         N/A       36%         1
 Foxfire                  Conj/Fire      4%         2x1d4     36%         1
 Necrotise                Necr           4%         1d4       36%         1
 Blink                    Tloc           2%         N/A       50%         2
 Lesser Beckoning         Tloc           2%         N/A       50%         2
 Momentum Strike          Conj/Tloc      2%         3d8       50%         2
 Fireball                 Conj/Fire      0%         3d3       100%        5
 Starburst                Conj/Fire      0%         6d3       100%        6


Dungeon Overview and Level Annotations

Branches:
Dungeon (10/15)            Temple (0/1) D:4             Orc (0/2) D:9
  Sewer (visited)
   Lair: D:8-11

Altars:
Dithmenos
Gozag
Hepliaklqana
Kikubaaqudgha
Nemelex Xobeh
Qazlal
Wu Jian
Xom

Shops:
D:1 :   D:9 *

Annotations:
D:9 3 runed translucent doors, Rudyous's ghost, novice HOFi
D:10 Joseph


Innate Abilities, Weirdness & Mutations

You are mostly covered in slimy green scales. (AC +3)
You are robust. (+10% HP)
You are mostly covered in sharp spines.
Spells you cast may paralyse adjacent enemies.
You have a small tail.


Message History

Casting: Summon Small Mammal (safe; 4% risk of failure)
Confirm with . or Enter, or press ? or * to list all spells.
Malevolent energies surge around you.
Your quokka disappears in a puff of smoke!
Joseph shoots a sling bullet.
The sling bullet closely misses your rat.
The sling bullet hits you!
Your rat bites the two-headed ogre.
The two-headed ogre hits you with a +0 giant club!!
The two-headed ogre hits you with a +0 giant club.
* * * LOW HITPOINT WARNING * * *
Casting: Summon Small Mammal (safe; 4% risk of failure)
Confirm with . or Enter, or press ? or * to list all spells.
Malevolent energies surge around you.
Your bat disappears in a puff of smoke!
Joseph shoots a sling bullet.
The sling bullet hits your rat!
Your rat dies!
Your rat's corpse disappears in a puff of smoke!
Casting: Summon Small Mammal (safe; 4% risk of failure)
Confirm with . or Enter, or press ? or * to list all spells.
Malevolent energies surge around you.
Joseph shoots a sling bullet.
The sling bullet hits your rat!
Your rat dies!
Your rat's corpse disappears in a puff of smoke!
The two-headed ogre closely misses you.
The two-headed ogre hits you with a +0 giant club!
* * * LOW HITPOINT WARNING * * *
Your rat barely misses Joseph.
You hit the two-headed ogre but do no damage.
You drain the two-headed ogre.
The two-headed ogre is moderately wounded.
Joseph shoots a sling bullet.
The sling bullet hits you!
* * * LOW HITPOINT WARNING * * *
It was a potion of degeneration.
There was something very wrong with that liquid.
You feel weakened.
You feel dopey.
You feel clumsy.
The two-headed ogre is struck by your spines.
The two-headed ogre completely misses you.
The two-headed ogre hits you with a +0 giant club!
You die...
Your body crumbles into a pile of gold.

#..............#########
#.......###.### #...$.
#.# #...#####.#
#....[...# #^..######
#ยง.=# $ #...# #..@#
#...O...... #r.####....
#.@# .. #... #.## #. ##


You could see Joseph (ally target), a two-headed ogre (drained) and a friendly
rat (summoned).

Vanquished Creatures
  A two-headed ogre (D:9)
  Pikel (D:7)
  Maurice (D:9)
  Psyche (D:7)
  A troll (D:9)
  A hornet (D:9)
  A wraith (D:9)
  A wyvern (D:7)
  10 yaks
  4 steam dragons
  2 water moccasins
  A sky beast (D:7)
  A black bear (D:6)
  2 orc warriors (D:8)
  An ice beast (D:6)
  A centaur (D:8)
  An ogre (D:6)
  4 phantoms
  5 kobold brigands
  6 bullfrogs
  A necrophage (D:8)
  5 scorpions
  A gnoll sergeant (D:7)
  9 wights
  3 jellies
  2 hounds (D:5)
  2 orc priests
  2 iguanas
  10 orc wizards
  10 adders
  2 gnolls (D:7)
  3 river rats (Sewer)
  2 shadow imps
  2 ufetubi (D:5)
  6 worms
  2 dart slugs
  37 orcs
  3 bat zombies (D:6)
  12 endoplasms
  2 giant cockroaches
  12 hobgoblins
  19 kobolds
  2 quokkas
  10 ball pythons
  10 bats
  4 frilled lizards
  5 goblins
  8 rats
  A rat zombie (D:6)
233 creatures vanquished.

Vanquished Creatures (collateral kills)
  A sky beast (D:7)
  A wight (D:7)
  A gnoll (D:7)
  2 orcs (D:8)
5 creatures vanquished.

Vanquished Creatures (others)
  An orc wizard (D:8)
  An orc (D:8)
  A plant (D:3)
3 creatures vanquished.

Grand Total: 241 creatures vanquished

Notes
Turn   | Place    | Note
-------+----------+-------------------------------------------
     0 | D:1      | Newt the Demonspawn Gladiator began the quest for the Orb.
     0 | D:1      | Reached XP level 1. HP: 16/16 MP: 1/1
    57 | D:1      | Reached skill level 1 in Stealth
    95 | D:1      | Gained mutation: You have a small tail. [demonic ancestry]
    95 | D:1      | Reached XP level 2. HP: 18/22 MP: 2/2
   719 | D:1      | Found Kesaof's Book Shoppe.
   939 | D:2      | Gained mutation: You are partially covered in slimy green
                  | scales. (AC +2) [demonic ancestry]
   939 | D:2      | Reached XP level 3. HP: 27/29 MP: 3/3
  1252 | D:2      | Gained mutation: You are mostly covered in slimy green
                  | scales. (AC +3) [demonic ancestry]
  1252 | D:2      | Reached XP level 4. HP: 37/37 MP: 4/4
  1771 | D:3      | Found a faded altar of an unknown god.
  1864 | D:3      | Found an ornate altar of the Wu Jian Council.
  1865 | D:3      | Found a sparkling altar of Nemelex Xobeh.
  1984 | D:3      | Reached XP level 5. HP: 41/43 MP: 5/5
  1990 | D:3      | Reached skill level 5 in Fighting
  2695 | D:4      | Found a glowing drain.
  2721 | Sewer    | Entered a sewer
  2821 | Sewer    | Gained mutation: You are partially covered in sharp spines.
                  | [demonic ancestry]
  2821 | Sewer    | Reached XP level 6. HP: 47/51 MP: 6/6
  2958 | Sewer    | Reached skill level 5 in Short Blades
  3055 | Sewer    | Reached skill level 2 in Throwing
  3186 | Sewer    | Reached skill level 3 in Throwing
  3268 | Sewer    | Gained mutation: You are mostly covered in sharp spines.
                  | [demonic ancestry]
  3268 | Sewer    | Reached XP level 7. HP: 52/56 MP: 7/7
  3434 | D:4      | Reached skill level 4 in Throwing
  3565 | D:4      | Found an opulent altar of Gozag.
  3571 | D:4      | Became a worshipper of Gozag Ym Sagoz the Greedy
  3636 | D:4      | Found a staircase to the Ecumenical Temple.
  3908 | D:5      | Entered Level 5 of the Dungeon
  4037 | D:5      | Reached skill level 5 in Throwing
  4186 | D:5      | Reached skill level 6 in Throwing
  4186 | D:5      | Gained mutation: Spells you cast may paralyse adjacent
                  | enemies. [demonic ancestry]
  4186 | D:5      | Reached XP level 8. HP: 57/62 MP: 8/8
  4507 | D:6      | Learned a level 1 spell: Summon Small Mammal
  4524 | D:6      | Reached skill level 1 in Spellcasting
  4524 | D:6      | Reached skill level 1 in Summonings
  5189 | D:6      | Reached XP level 9. HP: 43/68 MP: 12/15
  5335 | D:6      | Found a shadowy altar of Dithmenos.
  5597 | D:6      | Found an ancient bone altar of Kikubaaqudgha.
  5722 | D:7      | Found a shimmering altar of Xom.
  5749 | D:7      | Identified 3 scrolls of acquirement
  5749 | D:7      | Acquired the ring of Civionk {rCorr Stlth+}
  5751 | D:7      | Acquired a +0 quick blade of draining
  5753 | D:7      | Acquired 533 gold pieces
  5886 | D:1      | Bought a manual of Throwing for 960 gold pieces
  6251 | D:7      | Noticed Pikel
  6259 | D:7      | Killed Pikel
  6453 | D:7      | Found a stormy altar of Qazlal.
  6662 | D:7      | Reached skill level 5 in Stealth
  6697 | D:8      | Noticed Psyche
  6733 | Abyss:1  | Cast into level 1 of the Abyss (Psyche)
  6765 | D:8      | Escaped the Abyss
  6894 | D:7      | Killed Psyche
  6895 | D:7      | Gained mutation: You are robust. (+10% HP) [demonic
                  | ancestry]
  6895 | D:7      | Reached XP level 10. HP: 59/88 MP: 16/16
  7003 | D:8      | Reached skill level 7 in Throwing
  7021 | D:8      | Reached skill level 8 in Throwing
  7374 | D:8      | Reached skill level 9 in Throwing
  7842 | D:9      | Noticed Maurice
  7862 | D:9      | Reached skill level 10 in Throwing
  7871 | D:9      | Killed Maurice
  7898 | D:9      | Reached skill level 11 in Throwing
  8352 | D:9      | Found a hazy altar of Hepliaklqana.
  8471 | D:9      | Noticed a two-headed ogre
  8485 | D:9      | Killed a two-headed ogre
  8486 | D:9      | Reached skill level 12 in Throwing
  8512 | D:9      | Reached XP level 11. HP: 26/94 MP: 12/17
  8796 | D:9      | Found a runed translucent gate.
  8797 | D:9      | Found a runed translucent gate.
  8797 | D:9      | Found an opulent altar of Gozag.
  8801 | D:9      | Found a runed translucent gate.
  8801 | D:9      | Noticed Rudyous's ghost (novice HOFi)
  8801 | D:9      | Noticed a boulder beetle
  8802 | D:9      | Found Feorchoz's Assorted Antiques.
  8802 | D:9      | Noticed a purple ugly thing
  8803 | D:9      | Noticed a centaur warrior
  9051 | D:9      | Found a staircase to the Orcish Mines.
  9179 | D:10     | Entered Level 10 of the Dungeon
  9241 | D:10     | Noticed Joseph
  9243 | D:10     | Noticed a two-headed ogre
  9252 | D:10     | Slain by a two-headed ogre

Illustrated notes

Levels and vault maps discovered:
D:1:      eino_arrival_tree_alley, layout_basic, serial_shops,
          nicolae_shop_trees
D:2:      layout_basic, item_on_display_a
D:3:      layout_basic, nicolae_overflow_squiral,
          nicolae_ecumenical_lake_church, kennysheep_boxes
D:4:      layout_cave_pools, pdpol_temple_overflow_zin_treasury_gozag_greed,
          minmay_temple_entry_purple_smoke, cheibrodos_sewer_entry_sluice,
          minmay_liquid_box
D:5:      layout_cave_pools
D:6:      layout_loops_cross, lemuel_zombie_altar_kikubaaqudgha,
          grunt_dithmenos_shadows
D:7:      layout_rooms, brannock_xom_greatest_gift,
          mainiacjoe_overflow_six_doors_small, uniq_pikel
D:8:      layout_basic, special_room [special_room_orc], uniq_psyche
D:9:      hellmonk_crumbling_castle, layout_loops_ring,
          nicolae_hepliaklqana_hazy_memory, orc_0_dummy, ebering_ghost_gozag,
          uniq_maurice
D:10:     hangedman_cross_veins, layout_loops_ring, dk_yredelemnul_ordeal,
          nicolae_sif_muna_condensation, erik_lair_orcish_takeover, uniq_urug,
          uniq_joseph

Skill      XL: |  1  2  3  4  5  6  7  8  9 10 |
---------------+-------------------------------+-----
Stealth        | 1 6 |  6.0
Fighting       | 3 4 5 8 |  8.0
Short Blades   | 4 5 |  5.0
Throwing       | 3 6 12 | 12.0
Armour         | 2 |  2.0
Spellcasting   | 4 |  4.1
Summonings     | 4 |  4.5
Dodging        | 4 |  4.9

Action                     |  1- 3 |  4- 6 |  7- 9 | 10-12 || total
---------------------------+-------+-------+-------+-------++-------
  Melee: Rapier            |   131 |       |       |       ||   131
         Punch             |     3 |       |     2 |     3 ||     8
         Tailslap          |     6 |    23 |    47 |    40 ||   116
         Dagger            |     1 |   188 |   173 |       ||   362
         Quick blade       |       |       |    99 |   199 ||   298
  Throw: Throwing net      |       |       |     3 |       ||     3
         Javelin           |       |       |     1 |    12 ||    13
         Boomerang         |       |       |       |    12 ||    12
   Cast: Summon Small Mamm |       |       |    31 |    29 ||    60
    Use: Scroll            |     3 |     7 |     9 |     1 ||    20
         Potion            |       |       |       |     1 ||     1
   Stab: Sleeping          |     2 |     2 |     3 |       ||     7
         Distracted        |       |       |     1 |       ||     1
         Paralysed         |       |       |    20 |    16 ||    36
         Held in net/web   |       |       |     1 |       ||     1
 Armour: Leather armour    |    48 |    56 |   111 |    41 ||   256
         Skin              |       |       |     5 |       ||     5
  Dodge: Dodged            |   112 |    91 |   128 |    71 ||   402

Table legend: (Time is in decaauts)
 A = Elapsed time spent in this place.
 B = Non-inter-level travel time spent in this place.
 C = Inter-level travel time spent in this place.
 D = Time resting spent in this place.
 E = Time spent auto-exploring this place.
 F = Levels seen in this place.
 G = Mean time per level.
                   A        B        C        D        E       F      G
               +--------+--------+--------+--------+--------+-----+--------+
         Total |   9183 |   8522 |    661 |    572 |   6291 |  12 |  765.2 |
       Dungeon |   8361 |   7700 |    661 |    572 |   5723 |  10 |  836.1 |
         Abyss |     31 |     31 |      0 |      0 |      0 |   1 |   31.0 |
         Sewer |    790 |    790 |      0 |      0 |    567 |   1 |  790.0 |
               +--------+--------+--------+--------+--------+-----+--------+

Top non-repeatable levels by time:
     D:8: 1220 daAuts
     D:6: 1213 daAuts
     D:3: 1073 daAuts
     D:1: 1009 daAuts
     D:9: 1008 daAuts
     D:7: 807 daAuts
   Sewer: 790 daAuts
     D:2: 728 daAuts
     D:4: 616 daAuts
     D:5: 611 daAuts
    D:10: 72 daAuts
 Abyss:1: 31 daAuts
